 Dungeon Crawl Stone Soup version 0.30-a0-772-g5528072125 (webtiles) character file.

Game seed: 5598791910337390805

2666 browni3141 the Insei (level 10, -2/80 HPs)
             Began as a Meteoran Transmuter on Feb 13, 2023.
             Was a Priest of Makhleb.
             Slain by a killer bee (5 damage)
             ... on level 7 of the Dungeon.
             The game lasted 00:44:14 (3326 turns).

browni3141 the Insei (Meteoran Transmuter)          Turns: 3326, Time: 00:44:15

Health: -2/80      AC:  5    Str: 12    XL:     10   Next: 16%
Magic:  15/16      EV: 12    Int: 19    God:    Makhleb [***...]
Gold:   428        SH:  6    Dex: 15    Spells: 9/15 levels left

rFire   . . .      SeeInvis .      - Unarmed
rCold   + . .      Faith    .    z - +0 buckler
rNeg    . . .      Spirit   .    r - +2 leather armour {rC+}
rPois   .          Reflect  .    (helmet currently unavailable)
rElec   .          Harm     .    (no cloak)
rCorr   .          Rampage  .    (no gloves)
Will    +....                    (boots currently unavailable)
Stlth   +                        (no amulet)
HPRegen 0.33/turn                (no ring)
MPRegen 0.15/turn                (no ring)

@: lethally poisoned (-2 -> -31), appendages, wereblooded, flying, glowing
A: horns 2, talons 2, sense surroundings 2, otherworldly, glowing, explore regen
a: End Transformation, Renounce Religion, Minor Destruction, Lesser Servant of
Makhleb


You were on level 7 of the Dungeon.
You worshipped Makhleb.
Makhleb was most pleased with you.
You had temporarily grown beastly horns and talons.
You visited 1 branch of the dungeon, and saw 7 of its levels.

You collected 428 gold pieces.

Inventory:

Hand Weapons
 b - a +0 sling
 C - the +3 dagger of the Puffin {drain, rF+ Int+2}
   (You found it on level 5 of the Dungeon)

   Int:       It affects your intelligence (+2).
   rF:        It protects you from fire.
Missiles
 q - 2 boomerangs
 y - 8 poisoned darts
Armour
 a - a +0 robe
 g - a +0 helmet (melded)
 h - a +0 ring mail
 l - a +0 kite shield
 n - a +0 chain mail of cold resistance
 r - a +2 leather armour of cold resistance (worn)
 w - a +0 pair of boots (melded)
 z - a +0 buckler (worn)
Jewellery
 s - a ring of ice
Wands
 u - a wand of roots (7)
 E - a wand of mindburst (10)
Scrolls
 i - 2 scrolls of fog
 k - 4 scrolls of noise
 m - 2 scrolls of enchant armour
 o - a scroll of immolation
 p - 2 scrolls of fear
 v - 2 scrolls of teleportation
 A - a scroll of enchant weapon
 B - a scroll of blinking
Potions
 c - 4 potions of heal wounds {unknown}
 d - 5 potions of mutation {unknown}
 e - 4 potions of lignification
 f - 3 potions of attraction {unknown}
 j - a potion of magic {unknown}
 t - 3 potions of flight
 x - 2 potions of might {unknown}
 D - 2 potions of degeneration {unknown}
 F - a potion of curing {unknown}


   Skills:
 + Level 4.8 Fighting
 - Level 2.0 Armour
 - Level 3.0 Dodging
 * Level 6.7 Shields
 * Level 7.9 Unarmed Combat
 - Level 3.0 Spellcasting
 * Level 6.9 Transmutations
 - Level 3.0 Poison Magic
 * Level 7.2 Invocations


You had 9 spell levels left.
You knew the following spells:

 Your Spells              Type           Power      Damage    Failure   Level
a - Beastly Appendage     Tmut           58%        N/A       1%          1
b - Wereblood             Tmut           29%        N/A       2%          2
c - Spider Form           Tmut/Pois      21%        N/A       10%         3

Your spell library contained the following spells:

 Spells                   Type           Power      Damage    Failure   Level
 Blade Hands              Tmut           14%        N/A       36%         5
 Ice Form                 Ice/Tmut       16%        N/A       50%         4
 Portal Projectile        Hex/Tloc       4%         N/A       58%         3
 Tukima's Dance           Hex            2%         N/A       58%         3


Dungeon Overview and Level Annotations

Branches:
Dungeon (7/15) Zot: 910    Temple (0/1) D:5

Altars:
Elyvilon
Makhleb
Trog
Uskayaw


Innate Abilities, Weirdness & Mutations

You have temporarily grown beastly horns and talons.
You passively map the area around you.
You are easily found by Zot.
You glow in the dark.
You regain HP and MP as you explore.


Message History

The killer bee stings you.
You are more poisoned.
The killer bee poisons you!
The killer bee stings you but does no damage.
Aiming: Minor Destruction (0% risk of failure)
Press: ? - help, Shift-Dir - straight line, f/p - killer bee
Aim: a killer bee (almost dead)
The puff of flame misses the killer bee.
You feel extremely sick. The killer bee closely misses you.
The killer bee barely misses you. The killer bee stings you!
* * * LOW HITPOINT WARNING * * *
You are more poisoned.
The killer bee poisons you! You block the killer bee's attack.
Aiming: Fastroot
Press: ? - help, Shift-Dir - straight line, f/p - killer bee
Aim: a killer bee (almost dead)
The roots erupt in riotous growth!
Roots grab the killer bee. x2
The grasping roots constrict the killer bee. x2
You feel a bit better.
You kill the killer bee!
Makhleb accepts your kill.
You feel better.
* * * LOW HITPOINT WARNING * * *
You feel extremely sick. The killer bee barely misses you.
The killer bee stings you.
* * * LOW HITPOINT WARNING * * *
You are more poisoned.
The killer bee poisons you!
It was a potion of flight.
You feel very buoyant.
You fly up into the air.
You howl as the wereblood boils in your veins!
The grasping roots constrict the killer bee!
* * * LOW HITPOINT WARNING * * *
You feel extremely sick.
The roots release their grip on the killer bee.
The killer bee stings you.
You die...

#.#.######### #.# #..
#...........######.####
* #..
#.#.#######.#..........
, * #(.
#>.............###.#...
* ###
###.#######.#......+
,,, * ###.# #.#...##.#
,, * .##.# #.#...#*,# ,
.##.# #.#...##(# .##.#
#.#.#.@†.#, .'..#
#.#.##y###, .####
#.#..... ,* .# ####..#*
# ## , ...., * # **
##... * # ##.# .# * * ,


You could see a killer bee.

Vanquished Creatures
  A two-headed ogre (D:7)
  2 water moccasins
  3 ice beasts (D:5)
  2 black bears (D:5)
  A centaur (D:6)
  4 phantoms
  2 bullfrogs
  A necrophage (D:5)
  A scorpion (D:5)
  2 killer bees (D:7)
  A howler monkey (D:5)
  2 jellies
  2 hounds
  4 orc priests
  4 iguanas
  5 orc wizards
  7 adders
  3 ufetubi
  3 worms
  5 dart slugs
  25 orcs
  2 bats (D:2)
  9 endoplasms
  2 giant cockroaches
  5 goblins
  5 hobgoblins
  5 kobolds
  3 quokkas
  8 ball pythons
  6 frilled lizards
  3 rats
128 creatures vanquished.

Vanquished Creatures (collateral kills)
  A shadow imp (D:7)
1 creature vanquished.

Vanquished Creatures (others)
  4 toadstools (D:1)
4 creatures vanquished.

Grand Total: 133 creatures vanquished

Notes
Turn   | Place    | Note
-------+----------+-------------------------------------------
     0 | D:1      | browni3141 the Meteoran Transmuter began the quest for the
                  | Orb.
     0 | D:1      | Reached XP level 1. HP: 16/16 MP: 5/5
    89 | D:1      | Reached XP level 2. HP: 20/23 MP: 6/6
   246 | D:1      | Reached XP level 3. HP: 17/28 MP: 5/8
   249 | D:1      | Learned a level 2 spell: Wereblood
   253 | D:1      | Learned a level 3 spell: Spider Form
   272 | D:1      | Noticed a floating eye
   298 | D:1      | Noticed a great orb of eyes
   301 | D:1      | Noticed a floating eye
   303 | D:1      | Found a faded altar of an unknown god.
   305 | D:1      | Noticed a golden eye
   313 | D:1      | Prayed at the altar of an unknown god.
   313 | D:1      | Became a worshipper of Makhleb the Destroyer
   313 | D:1      | Reached * piety under Makhleb
   623 | D:2      | Reached XP level 4. HP: 35/36 MP: 7/9
   656 | D:3      | Reached skill level 1 in Poison Magic
   679 | D:3      | Reached skill level 1 in Invocations
   813 | D:3      | Found a white marble altar of Elyvilon.
   845 | D:3      | Reached XP level 5. HP: 21/41 MP: 8/10
   856 | D:3      | Reached skill level 1 in Armour
   856 | D:3      | Reached skill level 1 in Shields
   863 | D:3      | Noticed a +0 spear
   863 | D:3      | Noticed a +0 short sword
   865 | D:3      | Noticed a +0 falchion
   865 | D:3      | Noticed a +0 short sword
   865 | D:3      | Noticed a +0 spear
   866 | D:3      | Noticed a +0 dagger
   867 | D:3      | Noticed a +0 dagger
   915 | D:4      | Noticed a water moccasin
   934 | D:3      | Noticed a +0 falchion
   960 | D:3      | Reached ** piety under Makhleb
   991 | D:3      | Found a bloodstained altar of Trog.
  1075 | D:3      | Reached XP level 6. HP: 48/48 MP: 11/11
  1104 | D:3      | Found a hide-covered altar of Uskayaw.
  1645 | D:4      | Killed a water moccasin
  1678 | D:5      | Entered Level 5 of the Dungeon
  1697 | D:5      | Noticed a black bear
  1700 | D:5      | Noticed an ice beast
  1703 | D:5      | Killed a black bear
  1704 | D:5      | Reached skill level 5 in Unarmed Combat
  1704 | D:5      | Reached XP level 7. HP: 56/56 MP: 6/12
  1737 | D:5      | Reached XP level 8. HP: 42/62 MP: 7/13
  2006 | D:4      | Reached *** piety under Makhleb
  2299 | D:5      | Reached skill level 5 in Invocations
  2344 | D:5      | Reached skill level 5 in Transmutations
  2346 | D:5      | Gained mutation: You passively map the area around you.
                  | [Meteoran growth]
  2346 | D:5      | Reached XP level 9. HP: 53/71 MP: 9/14
  2356 | D:5      | Found a staircase to the Ecumenical Temple.
  2450 | D:5      | Identified the +3 dagger of the Puffin {drain, rF+ Int+2}
  2558 | D:5      | Reached skill level 5 in Shields
  2970 | D:7      | Noticed a two-headed ogre
  2977 | D:7      | Killed a two-headed ogre
  3032 | D:7      | Reached XP level 10. HP: 78/80 MP: 12/16
  3326 | D:7      | HP: 3/80 [poisoned by a killer bee]
  3326 | D:7      | Slain by a killer bee

Illustrated notes

Levels and vault maps discovered:
D:1:      ldierk_walled_garden_2, layout_rooms,
          hellmonk_ecumenical_altar_watching_god, chequers_serial_rivers_room_b,
          minmay_misc_feat_doors
D:2:      layout_loops_cross
D:3:      layout_basic, nicolae_overflow_hidden_temple,
          nicolae_uskayaw_en_pointe
D:4:      layout_loops_ring
D:5:      layout_rooms, minmay_temple_entry_large_hall,
          hangedman_decor_slide_cut, st_stairs_11, kennysheep_generic_room_15
D:6:      layout_rooms, serial_park_tiny_pond
D:7:      layout_basic

Skill      XL: |  1  2  3  4  5  6  7  8  9 10 |
---------------+-------------------------------+-----
Spellcasting   | 3 |  3.0
Unarmed Combat | 4 5 6 7 |  7.9
Poison Magic   | 1 2 3 |  3.0
Invocations    | 1 3 5 6 7 |  7.2
Fighting       | 2 3 4 |  4.8
Armour         | 1 2 |  2.0
Dodging        | 3 |  3.0
Shields        | 1 2 3 4 6 |  6.7
Transmutations | 3 5 6 |  6.9

Action                     |  1- 3 |  4- 6 |  7- 9 | 10-12 || total
---------------------------+-------+-------+-------+-------++-------
  Melee: Unarmed           |    56 |   129 |   169 |    59 ||   413
         Kick              |    11 |    22 |    22 |     7 ||    62
         Headbutt          |     5 |    16 |    19 |     7 ||    47
         Punch             |     4 |     5 |     1 |       ||    10
   Fire: Sling             |     6 |       |       |       ||     6
   Cast: Beastly Appendage |    15 |    18 |    13 |     5 ||    51
         Wereblood         |     1 |     6 |     4 |     3 ||    14
         Spider Form       |       |     1 |     4 |     1 ||     6
 Invoke: Minor Destruction |       |       |    17 |     2 ||    19
         Lesser Servant of |       |       |     1 |       ||     1
  Evoke: Wand              |       |       |     2 |     1 ||     3
    Use: Scroll            |       |     3 |     5 |       ||     8
         Potion            |       |       |       |     1 ||     1
   Stab: Distracted        |       |       |       |     1 ||     1
 Armour: Robe              |     5 |       |       |       ||     5
         Ring mail         |     8 |     8 |       |       ||    16
         Leather armour    |       |    29 |    59 |    14 ||   102
         Skin              |       |       |     3 |     3 ||     6
  Dodge: Dodged            |    25 |    51 |   109 |    36 ||   221
  Block: Buckler           |       |       |    22 |     9 ||    31

Table legend: (Time is in decaauts)
 A = Elapsed time spent in this place.
 B = Non-inter-level travel time spent in this place.
 C = Inter-level travel time spent in this place.
 D = Time resting spent in this place.
 E = Time spent auto-exploring this place.
 F = Levels seen in this place.
 G = Mean time per level.
                   A        B        C        D        E       F      G
               +--------+--------+--------+--------+--------+-----+--------+
         Total |   3288 |   3263 |     25 |      0 |      0 |   7 |  469.7 |
       Dungeon |   3288 |   3263 |     25 |      0 |      0 |   7 |  469.7 |
               +--------+--------+--------+--------+--------+-----+--------+

Top non-repeatable levels by time:
     D:3: 692 daAuts
     D:4: 540 daAuts
     D:2: 508 daAuts
     D:7: 490 daAuts
     D:5: 395 daAuts
     D:1: 384 daAuts
     D:6: 276 daAuts
